Map: Rhoskallian LE

Players

Massa - Winner!

  • Race: Terran Terran
  • League: Platinum
  • Spawn Location: 6:00

qqq - Winner!

  • Race: Protoss Protoss
  • Spawn Location: 5:00

DrReed

  • Race: Terran Terran
  • League: Diamond
  • Spawn Location: 12:00

FuzzyTail

  • Race: Terran Terran
  • Spawn Location: 11:00

VOD

Have the link to the VOD?

Description

Time

  • Played on: Oct. 3, 2020, 5:08 p.m.
  • Length: 13:27
Show
View Real Time Build Order
Export as new Build Order

Massa Terran - Winner!

Build Orders:  

Get SALT Encoding   

  12  0:01  SCV  
  13  0:13  SCV  
  14  0:24  Supply Depot  
  14  0:25  SCV  
  15  0:44  Refinery  
  15  0:45  SCV  
  15  0:47  Barracks  
  16  0:55  Refinery  
  16  1:00  Supply Depot  
  16  1:04  SCV  
  17  1:22  SCV  
  17  1:25  Supply Depot  
  18  1:34  Orbital Command  
  18  1:38  Reaper  
  19  2:01  SCV  
  20  2:10  Marine  
  21  2:17  Command Center  
  21  2:28  Marine  
  22  2:41  SCV  
  23  2:51  Factory  
  23  2:53  SCV  
  23  2:57  Command Center  
  24  3:10  Barracks Reactor, SCV  
  25  3:22  SCV  
  26  3:28  Orbital Command  
  26  3:35  SCV, Barracks  
  26  3:37  Factory Tech Lab  
  27  3:45  Factory Tech Lab  
  27  3:49  SCV  
  27  3:55  Engineering Bay  
  28  3:59  Marine x2  
  28  4:01  SCV  
  31  4:03  SCV  
  32  4:13  SCV  
  33  4:18  SCV  
  33  4:22  Orbital Command  
  34  4:26  SCV  
  34  4:30  Starport, SCV  
  36  4:35  Missile Turret  
  36  4:42  SCV x2  
  38  4:54  SCV  
  39  5:01  SCV x2  
  39  5:06  SCV  
  42  5:13  SCV  
  42  5:14  SCV  
  44  5:18  SCV  
  45  5:25  SCV  
  45  5:26  Marine x2  
  48  5:35  Barracks Tech Lab  
  47  5:36  Siege Tank  
  47  5:40  Refinery  
  47  5:42  Refinery  
  50  5:43  Marine  
  50  5:44  Marine  
  52  5:50  Terran Infantry Weapons Level 1  
  52  5:51  Engineering Bay  
  52  5:56  Armory  
  52  6:01  Marine  
  52  6:02  Armory, Marine, Supply Depot  
  52  6:03  Supply Depot  
  52  6:04  Starport Reactor  
  53  6:08  Siege Tank  
  56  6:14  SCV x2  
  58  6:19  Marine x2  
  60  6:26  SCV x2, Supply Depot  
  60  6:27  Marauder  
  60  6:28  Stimpack  
  60  6:30  Supply Depot  
  64  6:32  Terran Infantry Armor Level 1  
  64  6:37  Marine x2  
  64  6:38  SCV x2  
  68  6:40  Medivac, Missile Turret, Siege Tank  
  68  6:46  Orbital Command  
  73  6:47  Refinery  
  73  6:48  Marauder  
  73  6:50  SCV x2  
  73  6:51  Medivac  
  79  6:55  Refinery, Marine x2  
  81  7:10  Marauder  
  81  7:12  Marine  
  81  7:13  Marine  
  85  7:23  Barracks  
  85  7:29  Barracks  
  85  7:30  Marine  
  85  7:31  Marauder  
  85  7:36  Barracks  
  88  7:37  Missile Turret  
  88  7:44  Supply Depot  
  88  7:45  Supply Depot  
  88  7:47  SCV x3  
  88  7:49  Supply Depot  
  91  7:58  Missile Turret  
  90  8:00  Medivac x2  
  88  8:08  Combat Shield  
  86  8:17  Missile Turret  
  79  8:30  Medivac  
  81  8:34  Terran Infantry Armor Level 2, Terran Infantry Weapons Level 2  
  81  8:36  Terran Vehicle And Ship Armor Level 1, Missile Turret, Terran Vehicle Weapons Level 1  
  73  8:59  Missile Turret  
  69  9:06  Marauder, Marine x2  
  71  9:21  Barracks Reactor, Barracks Tech Lab  
  71  9:23  Marine  
  71  9:24  Marine x2  
  72  9:27  Marauder  
  76  9:41  Marine, Concussive Shells  
  76  9:42  Marine  
  76  9:44  SCV x3  
  81  9:48  Marauder  
  81  9:49  Sensor Tower  
  83  9:56  SCV x3  
  83  9:57  Liberator x2  
  83  9:59  Marine, Sensor Tower  
  93  10:00  Marine  
  93  10:03  Marauder  
  93  10:05  Barracks Tech Lab  
  93  10:06  Marine x2  
  98  10:10  Marauder  
  100  10:17  Marine  
  100  10:18  Marine  
  102  10:22  Command Center  
  102  10:23  Marine  
  102  10:24  Marine  
  102  10:25  Marauder  
  102  10:26  SCV x3  
  109  10:31  Marauder  
  109  10:35  Marine x2  
  112  10:36  Marauder  
  112  10:38  SCV x2  
  112  10:40  Liberator x2  
  112  10:41  Marine  
  112  10:42  Marine  
  117  10:46  Marauder  
  115  10:53  Marauder, Marine x2  
  116  10:59  Marine  
  116  11:01  Missile Turret  
  116  11:03  Missile Turret  
  117  11:06  Missile Turret  
  117  11:07  Missile Turret  
  117  11:13  Supply Depot x2  
  117  11:15  Supply Depot  
  117  11:34  Liberator, Marauder x3, Marine x2, SCV x2  
  117  11:38  Supply Depot  
  130  11:40  Supply Depot x2  
  124  12:00  Marauder  
  124  12:01  Marauder x2, Marine  
  119  12:04  Supply Depot  
  119  12:05  Supply Depot  
  119  12:07  Supply Depot  
  111  12:22  Marauder x3  
  115  12:27  Medivac x2  
  115  12:28  Supply Depot  
  116  12:30  Supply Depot  
  116  12:43  Marauder x3  
  126  13:04  Marauder  
Show
View Real Time Build Order
Export as new Build Order

qqq Protoss - Winner!

Build Orders: Carriers 

Get SALT Encoding   

  12  0:03  Probe  
  13  0:14  Pylon  
  13  0:20  Probe  
  14  0:32  Probe  
  15  0:44  Probe  
  16  0:51  Pylon  
  16  0:52  Pylon  
  16  1:02  Probe  
  17  1:14  Probe  
  18  1:21  Gateway  
  18  1:26  Probe  
  18  1:38  Probe  
  19  1:50  Probe  
  20  2:06  Probe  
  21  2:10  Cybernetics Core  
  21  2:13  Assimilator  
  21  2:17  Nexus, Assimilator  
  21  2:25  Probe  
  23  2:37  Probe  
  23  2:49  Probe  
  23  2:50  Stalker (Chrono Boost)  
  26  3:01  Probe  
  27  3:13  Probe  
  28  3:23  Pylon, Stargate  
  28  3:25  Probe  
  29  3:35  Forge  
  29  3:39  Probe (Chrono Boost)  
  31  3:42  Probe (Chrono Boost)  
  32  3:49  Probe (Chrono Boost)  
  32  3:50  Stargate  
  32  3:52  Probe (Chrono Boost)  
  32  3:54  Probe (Chrono Boost)  
  34  4:00  Assimilator  
  34  4:01  Probe (Chrono Boost)  
  36  4:10  Phoenix  
  36  4:11  Probe (Chrono Boost)  
  36  4:12  Probe (Chrono Boost)  
  39  4:17  Probe x2 (Chrono Boost)  
  39  4:20  Assimilator  
  41  4:28  Probe  
  41  4:29  Probe  
  45  4:39  Oracle (Chrono Boost), Phoenix (Chrono Boost)  
  45  4:41  Probe  
  49  4:53  Probe x2  
  51  5:02  Phoenix (Chrono Boost)  
  51  5:05  Probe  
  54  5:12  Pylon  
  54  5:14  Pylon  
  54  5:18  Pylon  
  54  5:30  Probe x2  
  54  5:31  Nexus  
  54  5:33  Pylon  
  56  5:35  Phoenix  
  56  5:36  Phoenix, Pylon  
  56  5:42  Probe  
  61  5:48  Pylon  
  61  5:53  Protoss Air Weapons Level 1 (Chrono Boost)  
  60  6:00  Phoenix  
  59  6:18  Phoenix  
  61  6:25  Phoenix  
  63  6:32  Fleet Beacon  
  63  6:36  Pylon  
  63  6:43  Photon Cannon, Phoenix  
  63  6:46  Probe  
  66  6:47  Photon Cannon  
  66  6:50  Photon Cannon, Phoenix  
  68  6:54  Photon Cannon  
  68  6:59  Probe  
  67  7:11  Probe  
  68  7:16  Assimilator  
  68  7:19  Carrier  
  68  7:21  Assimilator  
  74  7:23  Probe  
  74  7:24  Carrier  
  81  7:35  Probe  
  82  7:47  Probe  
  81  7:59  Probe  
  82  8:11  Probe  
  83  8:23  Tempest  
  83  8:24  Probe  
  89  8:28  Tempest  
  94  8:34  Gateway  
  94  8:35  Gateway  
  94  8:36  Probe  
  94  8:40  Gateway, Twilight Council  
  95  8:48  Probe  
  88  9:00  Probe  
  85  9:05  Tempest  
  90  9:11  Tempest  
  90  9:12  Probe  
  94  9:28  Stargate  
  94  9:29  Charge  
  94  9:31  Stargate  
  94  9:32  Zealot x3  
  94  9:38  Anion Pulse-Crystals  
  100  9:48  Tempest  
  105  9:53  Protoss Air Armor Level 1  
  105  9:54  Carrier  
  105  9:59  Zealot x3  
  117  10:13  Nexus  
  117  10:15  Pylon  
  117  10:18  Pylon  
  117  10:20  Zealot  
  119  10:23  Carrier  
  125  10:29  Pylon  
  125  10:31  Pylon  
  125  10:33  Zealot x3  
  125  10:35  Pylon  
  131  10:47  Zealot  
  125  11:00  Zealot  
  127  11:13  Robotics Facility  
  127  11:14  Zealot  
  129  11:18  Mothership (Chrono Boost)  
  129  11:19  Carrier, Dark Shrine  
  129  11:21  Nexus  
  129  11:22  Pylon  
  129  11:25  Pylon  
  143  11:27  Pylon  
  144  11:33  Probe (Chrono Boost)  
  144  11:41  Probe  
  139  11:53  Probe  
  102  12:02  Zealot x4  
  102  12:06  Probe  
  104  12:12  Carrier x2  
  104  12:13  Carrier  
  122  12:18  Probe  
  129  12:45  Zealot, Dark Templar x2  
  129  12:46  Dark Templar  
Show
View Real Time Build Order
Export as new Build Order

DrReed Terran 

Build Orders:  

Get SALT Encoding   

  12  0:00  SCV  
  13  0:12  SCV  
  14  0:18  Supply Depot  
  14  0:25  SCV  
  15  0:40  SCV  
  16  0:42  Barracks  
  16  0:52  SCV  
  17  1:19  SCV  
  17  1:24  Barracks  
  18  1:32  SCV  
  19  1:45  SCV, Marine  
  21  2:04  Command Center  
  21  2:11  Marine  
  22  2:18  Orbital Command  
  22  2:24  Refinery  
  22  2:26  Refinery  
  22  2:29  Marine  
  23  2:56  Supply Depot  
  23  3:09  Supply Depot  
  23  3:15  Orbital Command, Marine  
  23  3:16  SCV  
  25  3:28  SCV  
  25  3:31  Factory  
  26  3:35  Barracks Reactor  
  26  3:40  SCV, Barracks  
  27  3:46  SCV  
  28  3:52  SCV  
  29  3:58  SCV  
  31  4:14  SCV x2  
  31  4:17  Starport, Factory Reactor  
  32  4:18  Marine x2  
  32  4:23  Barracks  
  34  4:25  Barracks  
  34  4:26  SCV  
  34  4:27  SCV  
  36  4:34  Barracks Tech Lab  
  36  4:38  SCV  
  36  4:39  SCV  
  36  4:43  Command Center  
  38  4:51  SCV x2  
  40  5:03  SCV x2  
  40  5:05  Engineering Bay  
  42  5:07  Engineering Bay  
  42  5:10  Medivac  
  42  5:12  Stimpack  
  44  5:15  SCV x2  
  44  5:20  Supply Depot  
  46  5:22  Barracks Reactor  
  46  5:23  Barracks Reactor  
  46  5:27  SCV x2  
  48  5:36  Terran Infantry Armor Level 1, Terran Infantry Weapons Level 1  
  48  5:40  Refinery, SCV x2  
  50  5:49  Marine x3  
  53  5:57  Medivac  
  53  5:59  Medivac  
  52  6:19  SCV x2  
  54  6:29  Marine x7  
  54  6:31  SCV  
  63  6:36  Barracks  
  63  6:37  Barracks, Medivac  
  63  6:38  Medivac  
  66  6:46  Barracks  
  66  6:47  Barracks  
  66  6:48  SCV x2  
  66  6:49  Marine x5  
  66  6:51  Marine  
  74  7:09  Marine x3  
  77  7:21  Orbital Command  
  77  7:23  Missile Turret  
  77  7:33  Marine  
  77  7:34  SCV  
  77  7:47  Marine  
  77  7:51  Marine x2  
  77  8:10  Barracks Reactor x2  
  77  8:14  Marine x2  
  77  8:15  Marine  
  77  8:17  Marine  
  77  8:18  Medivac x2  
  68  8:21  SCV x2  
  68  8:23  SCV  
  65  8:32  Barracks Reactor x2, Armory, Marine x3  
  65  8:33  SCV x2, Marine x3  
  73  8:34  Combat Shield  
  73  8:35  SCV  
  73  8:38  Marine  
  75  8:43  Barracks  
  75  8:44  Barracks  
  75  8:45  SCV x2  
  77  9:06  Supply Depot  
  77  9:08  Supply Depot  
  77  9:12  Marine  
  77  9:14  SCV, Marine  
  77  9:16  SCV  
  77  9:24  Terran Infantry Armor Level 2, Terran Infantry Weapons Level 2  
  77  9:28  Marine x8  
  77  9:29  SCV x2, Marine x2, Medivac x2  
  77  9:30  Supply Depot  
  93  9:31  Supply Depot  
  93  9:32  Barracks Reactor x2, Supply Depot  
  93  9:46  Command Center  
  93  9:50  Supply Depot x2  
  93  9:51  Marine x7  
  100  9:53  Terran Vehicle And Ship Armor Level 1  
  100  10:02  Marine x6  
  100  10:03  Marine  
  107  10:15  Marine  
  107  10:16  Marine x8  
  107  10:17  Marine  
  98  10:55  Marine x13  
  98  10:56  Marine x3  
  98  10:57  Marine x3  
  100  11:02  Medivac x2  
  107  11:08  Starport  
  107  11:09  SCV x2  
  107  11:10  SCV  
  110  11:12  Marine  
  110  11:13  Marine x2  
  113  11:21  Barracks  
  113  11:25  Barracks  
  113  11:27  Marine x7  
  113  11:28  Marine x5  
  113  11:29  Marine x2  
  127  11:34  Medivac x2  
  86  12:08  Medivac  
  86  12:09  Medivac  
  86  12:10  Starport Reactor  
  75  12:25  Marine  
  75  12:26  Barracks Reactor x2, Marine x2  
  75  12:27  Marine x3  
  75  12:28  Marine x11  
  89  12:30  Marine x2  
Show
View Real Time Build Order
Export as new Build Order

FuzzyTail Terran 

Build Orders: 2 Factory, Gas First Reaper Expand, Mech 

Get SALT Encoding   

  12  0:00  SCV  
  13  0:16  Supply Depot  
  13  0:18  SCV  
  14  0:28  Refinery  
  14  0:32  SCV  
  15  0:44  Barracks  
  15  0:47  SCV  
  16  1:15  SCV  
  17  1:31  Reaper  
  18  1:33  Orbital Command  
  18  1:36  Refinery  
  18  1:54  Factory  
  18  2:12  Barracks Tech Lab  
  18  2:16  SCV  
  19  2:25  Command Center  
  19  2:48  Siege Tank  
  19  2:50  SCV  
  23  2:58  Factory  
  23  3:05  Barracks Reactor  
  23  3:11  Supply Depot  
  23  3:33  SCV  
  24  3:37  Orbital Command  
  24  3:45  SCV  
  25  3:54  Factory  
  25  3:57  SCV, Siege Tank  
  25  4:01  Barracks Tech Lab  
  29  4:05  Orbital Command  
  29  4:09  SCV  
  30  4:20  Hellion x2  
  30  4:21  SCV  
  35  4:32  Armory  
  35  4:33  SCV  
  35  4:34  Barracks Reactor  
  36  4:39  SCV  
  37  4:46  SCV  
  37  4:52  SCV  
  39  5:04  SCV x2  
  39  5:05  Hellion  
  39  5:06  Hellion  
  45  5:15  Supply Depot  
  45  5:16  SCV  
  45  5:20  Supply Depot  
  46  5:37  SCV x2, Siege Tank  
  51  5:44  Hellion x2, Siege Tank  
  51  5:48  Terran Vehicle Weapons Level 1  
  51  5:49  SCV  
  59  5:51  SCV  
  60  6:01  SCV  
  60  6:03  SCV  
  62  6:22  Supply Depot  
  62  6:23  Supply Depot  
  62  6:25  Refinery  
  62  6:29  Refinery, Command Center  
  62  6:44  SCV, Thor x2  
  62  6:45  Hellion  
  62  6:47  SCV  
  78  7:15  Supply Depot  
  78  7:17  Supply Depot  
  78  7:23  Supply Depot  
  78  7:36  Thor  
  86  7:37  Hellion  
  86  7:38  SCV x2, Thor  
  94  7:51  SCV x2  
  93  8:03  SCV x2  
  95  8:10  Hellion x2  
  99  8:15  SCV x2  
  99  8:18  Terran Vehicle And Ship Armor Level 1  
  101  8:20  Factory  
  101  8:21  Thor  
  107  8:27  SCV  
  66  9:23  Thor  
  72  9:25  Thor  
  72  9:27  Factory Tech Lab, Hellion  
  72  9:28  Hellion  
  72  9:29  SCV  
  72  9:30  SCV, Orbital Command  
  84  9:41  SCV  
  84  9:42  SCV  
  86  9:49  Hellion x2  
  86  9:52  Thor  
  96  9:53  SCV  
  96  9:54  SCV  
  98  10:03  Factory  
  98  10:05  SCV  
  98  10:06  SCV  
  100  10:09  Thor  
  100  10:10  Hellion x2  
  110  10:17  SCV  
  110  10:18  SCV x2  
  113  10:23  Refinery  
  113  10:26  Refinery  
  113  10:30  SCV  
  113  10:32  Hellion  
  113  10:33  Thor, Supply Depot  
  113  10:34  Hellion, Supply Depot  
  124  10:36  Supply Depot  
  124  10:38  Supply Depot  
  124  10:43  SCV  
  125  10:55  SCV, Factory Tech Lab  
  126  10:57  Factory Reactor  
  126  10:59  Thor  
  126  11:02  Hellion x2  
  136  11:07  SCV  
  137  11:23  Hellion  
  137  11:24  Hellion  
  137  11:45  Hellion x2  
  113  12:06  Hellion x2  
  107  12:13  Thor  
  107  12:15  Thor x2  
  113  12:17  Hellion  
  113  12:18  Hellion  
  111  12:27  Hellion  
  111  12:28  Hellion  
  93  12:39  Hellion x2  
  93  12:49  Hellion x2  
  91  13:00  Hellion  
  91  13:01  Hellion  
Tags
 
Add a new tag
Caveats
  • Supply blocks, unpowered buildings, or Contaminate may cause inaccurate times.
  • Supply counts are checked every 10 seconds.